 Dungeon Crawl Stone Soup version 0.29.0-4-gdea44cf6ec (webtiles) character file.

Game seed: 15482163121232693309

49 qw the Chopper (level 3, -1/21 HPs)
             Began as a Tengu Warper on Aug 28, 2022.
             Killed from afar by Natasha (3 damage)
             ... with a magic dart
             ... on level 2 of the Dungeon.
             The game lasted 00:00:10 (2341 turns).

qw the Chopper (Tengu Warper)                       Turns: 2341, Time: 00:00:11

Health: -1/21      AC:  8    Str: 13    XL:     3   Next: 75%
Magic:  7/7        EV:  6    Int: 13    God:
Gold:   79         SH:  0    Dex: 13    Spells: 6/6 levels left

rFire   . . .      SeeInvis .   Y - +0 hand axe
rCold   . . .      Faith    .   (no shield)
rNeg    . . .      Spirit   .   j - +0 chain mail
rPois   .          Reflect  .   (helmet restricted)
rElec   .          Harm     .   (no cloak)
rCorr   .          Rampage  .   (no gloves)
Will    .....                   (boots unavailable)
Stlth   ..........              (no amulet)
HPRegen 0.07/turn               (no ring)
MPRegen 0.10/turn               (no ring)

@: no status effects
A: beak, talons 3
a: no special abilities


You were on level 2 of the Dungeon.
You visited 1 branch of the dungeon, and saw 2 of its levels.

You collected 79 gold pieces.


Innate Abilities, Weirdness & Mutations

You have a beak for a mouth.
You have claws for feet.


   Skills:
 - Level 2.0 Fighting
 + Level 4.4 Axes
 - Level 1.0 Throwing
 - Level 1.1 Armour
 - Level 2.1 Dodging
 - Level 2.0 Spellcasting
 - Level 2.4 Translocations


You had 6 spell levels left.
You didn't know any spells.
Your spell library contained the following spells:

 Spells                   Type           Power      Damage    Failure   Level
 Blink                    Tloc           14%        N/A       99%         2
 Gell's Gravitas          Tloc           7%         N/A       100%        3
 Lesser Beckoning         Tloc           7%         N/A       100%        3
 Teleport Other           Tloc           7%         N/A       100%        3
 Manifold Assault         Tloc           7%         N/A       100%        5

Inventory:

Hand Weapons
 d - a +0 club
 Y - a +0 hand axe (weapon)
Armour
 j - a +0 chain mail (worn)
Jewellery
 h - a ring of ice
Scrolls
 b - a scroll of teleportation {unknown}
 e - a scroll of vulnerability {unknown}
Potions
 a - a potion of heal wounds {unknown}
 c - a potion of might {unknown}
 f - a potion of attraction {unknown}
 g - a potion of brilliance {unknown}
 i - a potion of degeneration {unknown}

Dungeon Overview and Level Annotations

Branches:
Dungeon (2/15)

Altars:

Annotations:
D:2 Natasha


Message History

You feel less porcine.
Your +0 hand axe unmelds from your body.
Your +0 chain mail unmelds from your body.
Natasha is nearby!
Natasha zaps a wand.
You resist with significant effort.
You hit Natasha. Your kick misses Natasha.
Natasha is moderately wounded.
Natasha zaps a wand.
You resist with significant effort.
You hit Natasha. Your peck misses Natasha.
Natasha is heavily wounded.
Natasha claws you but does no damage.
You barely miss Natasha.
Natasha is heavily wounded.
Natasha stares at you and mumbles some strange words.
You resist with significant effort.
You closely miss Natasha. Your kick misses Natasha. You peck Natasha.
Natasha is heavily wounded.
Natasha mewls in sadness.
Natasha casts a spell.
Natasha barely misses you.
You closely miss Natasha.
Natasha is heavily wounded.
You barely miss the iron imp. Natasha claws you!
You closely miss Natasha. Your peck misses Natasha.
Natasha is heavily wounded.
You hit the iron imp. The iron imp hits you.
Natasha zaps a wand.
You resist with significant effort.
You barely miss Natasha.
Natasha is heavily wounded.
You hit the iron imp but do no damage.
The iron imp hits you but does no damage.
Natasha claws you.
You hit Natasha.
Natasha is severely wounded.
You hit the iron imp but do no damage. The iron imp barely misses you.
Natasha casts a spell at you. The magic dart hits you.
You die...

............# #.......# #..#
............# #.......###..#
...?........# #............##
............# ####......####....
............# #..'......# #####
.........#'## #.##......######..
##.#######.####.##......#.......
# #......h.........#.####.#
#.#.####@#.......# #.# #.#.#
#5........#.# #.# ..#.#
#.........#.# #.# .#.#.#
#...#.#####.####.# ..#.#.#
#...#.##..#.##.... ## ....#
#...#.##..#.####.#
########...#.##..#.##....
...........#.##..#.##.#.#
########.....##...<......


You could see an iron imp (summoned) and Natasha.

Vanquished Creatures
  An adder (D:2)
  A worm (D:2)
  5 bats
  2 endoplasms (D:1)
  A giant cockroach (D:1)
  3 goblins (D:1)
  4 hobgoblins (D:2)
  2 jackals (D:1)
  2 quokkas (D:2)
  4 ball pythons (D:1)
  A frilled lizard (D:1)
  5 kobolds (D:1)
  6 rats
37 creatures vanquished.

Notes
Turn   | Place    | Note
-------+----------+-------------------------------------------
     0 | D:1      | qw the Tengu Warper began the quest for the Orb.
     0 | D:1      | Reached XP level 1. HP: 12/12 MP: 4/4
     0 | D:1      | 0 ||| qw: Version: 0.1-a-89-g26bdef1
     0 | D:1      | 0 ||| qw: Game counter: 1074
     0 | D:1      | 0 ||| qw: Always use a shield: true
     0 | D:1      | 0 ||| qw: God list: Okawaru
     0 | D:1      | 0 ||| qw: Allow faded altars: false
     0 | D:1      | 0 ||| qw: Do Orc after D:15 true
     0 | D:1      | 0 ||| qw: Do second Lair branch before Depths: true
     0 | D:1      | 0 ||| qw: Lair rune preference: random
     0 | D:1      | 0 ||| qw: Plans: Normal
     0 | D:1      | 0 ||| PLANNING D:1-11
   158 | D:1      | Reached XP level 2. HP: 17/17 MP: 6/6
   177 | D:1      | Reached skill level 3 in Axes
   384 | D:1      | 384 ||| Stepping ~*~*~tactically~*~*~ (stealth).
   417 | D:1      | 417 ||| Stepping ~*~*~tactically~*~*~ (stealth).
   418 | D:1      | 418 ||| Stepping ~*~*~tactically~*~*~ (stealth).
  1151 | D:1      | Reached XP level 3. HP: 13/21 MP: 7/7
  1627 | D:1      | 1627 ||| UPGRADING to +0 chain mail.
  1637 | D:1      | 1637 ||| DROPPING +0 leather armour.
  1638 | D:1      | 1638 ||| READING scroll labelled WAHUT IKYG.
  1639 | D:1      | 1639 ||| READING scroll labelled PEPNEK GEOTYM.
  1640 | D:1      | 1640 ||| DROPPING scroll of blinking.
  1771 | D:2      | Reached skill level 4 in Axes
  2311 | D:2      | Noticed Natasha
  2312 | D:2      | 2312 ||| FLEEEEING.
  2340 | D:2      | HP: 2/21 [Natasha (6)]
  2341 | D:2      | Killed from afar by Natasha

Levels and vault maps discovered:
D:1:      minmay_arrival_radiant_lines, layout_basic
D:2:      layout_basic, hangedman_feature_mirror, uniq_natasha

Skill      XL: |  1  2  3 |
---------------+----------+-----
Axes           | 3 4 |  4.4
Fighting       | |  2.0
Throwing       | |  1.0
Armour         | |  1.1
Dodging        | |  2.1
Spellcasting   | |  2.0
Translocations | |  2.4

Action                   || total
-------------------------++-------
Melee: Hand axe          ||    99
       Kick              ||    20
       Peck              ||    12
       Punch             ||     1
Throw: Boomerang         ||     7
  Use: Scroll            ||     2
Armor: Leather armour    ||    21
       Chain mail        ||    11
Dodge: Dodged            ||    50

Table legend:
 A = Non-vault XP
 B = Vault XP
 C = Vault XP percentage of total XP
 D = Non-vault monster count
 E = Vault monster count
 F = Vault count percentage of total count
                 A         B        C        D         E       F
            +---------+---------+-------+---------+---------+-------
      Total |      63 |       7 |  10.0 |      35 |       2 |   5.4
            +---------+---------+-------+---------+---------+-------
        D:1 |      37 |       0 |   0.0 |      27 |       0 |   0.0
        D:2 |      26 |       7 |  21.2 |       8 |       2 |  20.0
            +---------+---------+-------+---------+---------+-------
